 Dungeon Crawl Stone Soup version 0.21.1-1-g345015fe64 (webtiles) character file.

9068 Nattfarinn the Fighter (level 11, -6/95 HPs)
             Began as a Gnoll Wanderer on May 4, 2018.
             Was a Priest of Cheibriados.
             Mangled by a troll (10 damage)
             ... on level 10 of the Dungeon.
             The game lasted 00:23:50 (10549 turns).

Nattfarinn the Fighter (Gnoll Wanderer)            Turns: 10549, Time: 00:23:50

Health: -6/95      AC:  4    Str: 25    XL:     11   Next: 40%
Magic:  0/29       EV: 18    Int: 22    God:    Cheibriados [***...]
Gold:   509        SH:  0    Dex: 24    Spells: 19/22 levels left

rFire    . . .     SeeInvis .   b - +2 trident (venom)
rCold    . . .     Gourm    .   (no shield)
rNeg     . . .     Faith    .   f - +0 robe
rPois    .         Spirit   +   (no helmet)
rElec    .         Reflect  .   (no cloak)
rCorr    .         Harm     .   (no gloves)
MR       .....                  k - +0 pair of boots
Stlth    ++++......             G - amulet of guardian spirit
HPRegen  0.25/turn              t - ring of magical power
MPRegen  0.21/turn              E - ring of wizardry

@: very slow
A: distributed training, fangs 1, strong nose
a: Bend Time, Temporal Distortion, Renounce Religion


You were on level 10 of the Dungeon.
You worshipped Cheibriados.
Cheibriados was most pleased with you.
You were hungry.

You visited 1 branch of the dungeon, and saw 10 of its levels.

You collected 509 gold pieces.

Inventory:

Hand Weapons
 a - a +2 hand crossbow
 b - a +2 trident of venom (weapon)
 c - a +0 shortbow
 g - a +0 dagger
 r - a +2 shortbow of freezing
 B - a +2 flail of crushing
Missiles
 d - 195 arrows
 D - 36 bolts
Armour
 f - a +0 robe (worn)
 k - a +0 pair of boots (worn)
 O - a +0 pair of boots of running
Jewellery
 t - a ring of magical power (left hand)
 y - the amulet of Neurosis {Inacc rElec}
   (You found it on level 5 of the Dungeon)

   [amulet of inaccuracy]

   It reduces the accuracy of all your attacks.
   It insulates you from electricity.
 E - a ring of wizardry (right hand)
 G - an amulet of guardian spirit (around neck)
 J - a +3 ring of strength {unknown}
 N - an uncursed ring of magical power
Wands
 K - a wand of disintegration (14)
 L - a wand of enslavement (16)
Scrolls
 i - 14 scrolls of identify {unknown}
 j - 3 scrolls of blinking {unknown}
 m - 6 scrolls of teleportation {unknown}
 n - 3 scrolls of remove curse {unknown}
 o - 2 scrolls of random uselessness {unknown}
 p - a scroll of fear {unknown}
 v - 3 scrolls of magic mapping {unknown}
 w - a scroll of fog {unknown}
 z - 3 scrolls of enchant weapon {unknown}
 I - a scroll of vulnerability {unknown}
Potions
 e - 8 potions of curing
 l - a potion of magic {unknown}
 q - 3 potions of flight {unknown}
 s - a potion of brilliance {unknown}
 x - 2 potions of cancellation {unknown}
 A - a potion of lignification {unknown}
 C - 3 potions of invisibility {unknown}
 F - a potion of might {unknown}
 H - a potion of agility
 P - a potion of ambrosia {unknown}
Books
 u - a book of Misfortune

   Spells                             Type                      Level
   a - Confusing Touch                Hexes                        1
   b - Confuse                        Hexes                        3
   c - Gell's Gravitas                Translocation                3
   d - Petrify                        Transmutation/Earth          4
   e - Metabolic Englaciation         Hexes/Ice                    5
   f - Yara's Violent Unravelling     Hexes/Transmutation          5
 M - a book of Conjurations

   Spells                             Type                      Level
   a - Magic Dart                     Conjuration                  1
   b - Searing Ray                    Conjuration                  2
   c - Dazzling Spray                 Conjuration/Hexes            3
   d - Fulminant Prism                Conjuration/Hexes            4
   e - Force Lance                    Conjuration/Translocation    4
   f - Iskenderun's Mystic Blast      Conjuration                  4
Comestibles
 h - 13 rations


   Skills:
 + Level 11.8 Fighting
 + Level 6.1 Short Blades
 + Level 6.1 Long Blades
 + Level 6.1 Axes
 + Level 6.1 Maces & Flails
 + Level 6.1 Polearms
 + Level 6.1 Staves
 + Level 6.1 Slings
 + Level 6.1 Bows
 + Level 6.7 Crossbows
 + Level 6.1 Throwing
 + Level 7.7 Armour
 + Level 6.1 Dodging
 + Level 7.5 Stealth
 + Level 6.1 Shields
 + Level 6.1 Unarmed Combat
 + Level 6.1 Spellcasting
 + Level 5.1 Conjurations
 + Level 5.1 Hexes
 + Level 5.1 Charms
 + Level 5.1 Summonings
 + Level 5.1 Necromancy
 + Level 5.1 Translocations
 + Level 5.1 Transmutations
 + Level 5.1 Fire Magic
 + Level 5.1 Ice Magic
 + Level 5.1 Air Magic
 + Level 5.1 Earth Magic
 + Level 5.1 Poison Magic
 + Level 6.7 Invocations
 + Level 6.1 Evocations


You had 19 spell levels left.
You knew the following spells:

 Your Spells              Type           Power        Failure   Level  Hunger
a - Confuse               Hex            ####....     1%          3    #......


Dungeon Overview and Level Annotations

Branches:
Dungeon (10/15)            Temple (0/1) D:7             Orc (0/2) D:10
   Lair: D:8-11

Altars:
Cheibriados
Gozag
Nemelex Xobeh
Qazlal
Uskayaw
Xom
Yredelemnul
Zin
The Shining One


Innate Abilities, Weirdness & Mutations

Your experience applies equally to all skills.
You have very sharp teeth.
Your uncanny sense of smell can sniff out nearby items.


Message History

Press: ? - help, Dir - move target cursor, f/p - orc warrior
Aim: an orc warrior, wielding a glaive and wearing a plate armour The troll is in the way.
You hit the troll but do no damage. You bite the troll.
The troll is severely wounded.
The troll closely misses you. The troll completely misses you.
The troll claws you.
* * * LOW HITPOINT WARNING * * *
Attack whom?
Press: ? - help, Dir - move target cursor, f/p - orc warrior
Aim: an orc warrior, wielding a glaive and wearing a plate armour The troll is in the way.
You hit the troll but do no damage.
The troll looks as sick as possible!
The troll is almost dead.
The orc warrior hits you from afar with a glaive!
* * * LOW HITPOINT WARNING * * *
The troll misses you. The troll claws you!
* * * LOW HITPOINT WARNING * * *
The troll claws you!
You die...

#...........................
#########...................
∆ . #...................
#.##########'###########
#................... ..
#................... ..
#................... ..
#..[................ ..
######@#........... ..
#T#..#####.... .. #o#..#
.### ## #.oOg.)o#..# #
#..oT.#.#..# #8.g.8#.#..#
##### #.#..# #.. ##.


You could see a troll, an orc warrior and an orc.

Vanquished Creatures
  2 two-headed ogres
  The ghost of Dickchan the Grappler, a novice DrTm (D:5)
  A centaur zombie (D:10)
  The ghost of Mrkan the Cudgeler, a novice GrGl of Makhleb (D:4)
  2 hippogriffs (D:8)
  Sigmund (D:2)
  4 yaks (D:9)
  A wyvern (D:9)
  4 hogs (D:7)
  A wraith (D:8)
  A human (D:7)
  Edmund (D:5)
  4 ice beasts
  6 orc warriors
  2 sky beasts
  A hornet zombie (D:7)
  8 ogres
  2 phantoms (D:4)
  3 centaurs
  4 big kobolds (D:10)
  2 gnoll sergeants
  4 bullfrogs
  A water moccasin zombie (D:9)
  The ghost of Condor the Covered, a weakling MiFi (D:3)
  4 scorpions
  2 howler monkeys
  3 wights (D:8)
  2 bullfrog zombies
  6 crimson imps
  2 jellies
  A quasit (D:8)
  2 orc priests
  A hound (D:4)
  A centaur skeleton (D:9)
  3 iguanas
  5 orc wizards (D:4)
  5 worker ants
  A hound skeleton (D:8)
  13 gnolls
  11 adders
  3 river rats (D:4)
  2 shadow imps
  An adder skeleton (D:6)
  3 worms (D:2)
  5 dart slugs
  3 leopard geckos
  23 orcs
  7 bats
  9 giant cockroaches
  5 goblins
  7 hobgoblins
  14 jackals
  8 quokkas
  2 ball pythons
  5 frilled lizards
  A jackal skeleton (D:9)
  9 kobolds
  2 leopard gecko skeletons (D:6)
  9 rats
238 creatures vanquished.

Notes
Turn   | Place    | Note
-------+----------+-------------------------------------------
     0 | D:1      | Reached skill level 10 in Fighting
     0 | D:1      | Nattfarinn the Gnoll Wanderer began the quest for the Orb.
     0 | D:1      | Nattfarinn set off with: a +2 hand crossbow, 23 bolts, a +0 shortbow, 22 arrows, a potion of curing, a +0 robe, a +0 dagger, a ration
     0 | D:1      | Reached XP level 1. HP: 28/28 MP: 1/1
   242 | D:1      | Reached XP level 2. HP: 36/36 MP: 2/2
   641 | D:1      | Reached XP level 3. HP: 42/42 MP: 3/3
  1290 | D:2      | Noticed Sigmund
  1488 | D:2      | Reached skill level 1 in Invocations
  1497 | D:2      | Killed Sigmund
  1497 | D:2      | Reached skill level 1 in Short Blades
  1497 | D:2      | Reached skill level 1 in Long Blades
  1497 | D:2      | Reached skill level 1 in Axes
  1497 | D:2      | Reached skill level 1 in Maces & Flails
  1497 | D:2      | Reached skill level 1 in Polearms
  1497 | D:2      | Reached skill level 1 in Staves
  1497 | D:2      | Reached skill level 1 in Slings
  1497 | D:2      | Reached skill level 1 in Bows
  1497 | D:2      | Reached skill level 1 in Throwing
  1497 | D:2      | Reached skill level 1 in Dodging
  1497 | D:2      | Reached skill level 1 in Shields
  1497 | D:2      | Reached skill level 1 in Unarmed Combat
  1497 | D:2      | Reached skill level 1 in Spellcasting
  1497 | D:2      | Reached skill level 1 in Conjurations
  1497 | D:2      | Reached skill level 1 in Hexes
  1497 | D:2      | Reached skill level 1 in Charms
  1497 | D:2      | Reached skill level 1 in Summonings
  1497 | D:2      | Reached skill level 1 in Necromancy
  1497 | D:2      | Reached skill level 1 in Translocations
  1497 | D:2      | Reached skill level 1 in Transmutations
  1497 | D:2      | Reached skill level 1 in Fire Magic
  1497 | D:2      | Reached skill level 1 in Ice Magic
  1497 | D:2      | Reached skill level 1 in Air Magic
  1497 | D:2      | Reached skill level 1 in Earth Magic
  1497 | D:2      | Reached skill level 1 in Poison Magic
  1497 | D:2      | Reached skill level 1 in Evocations
  1497 | D:2      | Reached XP level 4. HP: 40/48 MP: 4/6
  1497 | D:2      | Reached XP level 5. HP: 45/54 MP: 4/7
  1812 | D:2      | Reached XP level 6. HP: 61/61 MP: 8/8
  2109 | D:2      | Found a sparkling altar of Nemelex Xobeh.
  2117 | D:2      | Reached skill level 5 in Armour
  2122 | D:2      | Found a sparkling altar of Nemelex Xobeh.
  2122 | D:2      | Found a sacrificial altar of Ru.
  2128 | D:2      | Found a shimmering altar of Xom.
  2128 | D:2      | Found a basalt altar of Yredelemnul.
  2128 | D:2      | Found an opulent altar of Gozag.
  2410 | D:3      | Found a sparkling altar of Nemelex Xobeh.
  2501 | D:3      | Noticed Condor's ghost (weakling MiFi)
  2507 | D:3      | Killed Condor's ghost
  2557 | D:3      | Reached XP level 7. HP: 17/67 MP: 10/10
  2989 | D:3      | Found a stormy altar of Qazlal.
  3089 | D:4      | Noticed Mrkan's ghost (novice GrGl)
  3572 | D:4      | Reached skill level 5 in Stealth
  3845 | D:4      | Reached XP level 8. HP: 74/74 MP: 12/12
  3867 | D:4      | Learned a level 3 spell: Confuse
  3908 | D:4      | Killed Mrkan's ghost
  4598 | D:5      | Entered Level 5 of the Dungeon
  4901 | D:5      | Found a glowing golden altar of the Shining One.
  4906 | D:5      | Noticed Dickchan's ghost (novice DrTm)
  4940 | D:5      | Killed Dickchan's ghost
  4940 | D:5      | Reached skill level 11 in Fighting
  4940 | D:5      | Reached XP level 9. HP: 81/81 MP: 1/14
  5054 | D:5      | Got a flickering pewter amulet
  5239 | D:5      | Noticed a hand axe
  5242 | D:5      | Noticed a hand axe
  5243 | D:5      | Found a hide-covered altar of Uskayaw.
  5538 | D:5      | Noticed Edmund
  5544 | D:5      | Killed Edmund
  6086 | D:6      | Identified the amulet of Neurosis {Inacc rElec} (You found it on level 5 of the Dungeon)
  6280 | D:6      | Reached skill level 5 in Crossbows
  6439 | D:6      | Found a snail-covered altar of Cheibriados.
  6445 | D:6      | Became a worshipper of Cheibriados the Contemplative
  6991 | D:7      | Found a glowing golden altar of the Shining One.
  7056 | D:7      | Reached skill level 5 in Invocations
  7212 | D:7      | Reached * piety under Cheibriados
  7610 | D:7      | Found a staircase to the Ecumenical Temple.
  7891 | D:7      | Reached XP level 10. HP: 63/88 MP: 16/17
  8095 | D:7      | Reached skill level 5 in Short Blades
  8095 | D:7      | Reached skill level 5 in Long Blades
  8095 | D:7      | Reached skill level 5 in Axes
  8095 | D:7      | Reached skill level 5 in Maces & Flails
  8095 | D:7      | Reached skill level 5 in Polearms
  8095 | D:7      | Reached skill level 5 in Staves
  8095 | D:7      | Reached skill level 5 in Slings
  8095 | D:7      | Reached skill level 5 in Bows
  8095 | D:7      | Reached skill level 5 in Throwing
  8095 | D:7      | Reached skill level 5 in Dodging
  8095 | D:7      | Reached skill level 5 in Shields
  8095 | D:7      | Reached skill level 5 in Unarmed Combat
  8095 | D:7      | Reached skill level 5 in Spellcasting
  8095 | D:7      | Reached skill level 5 in Evocations
  8707 | D:8      | Reached ** piety under Cheibriados
  9026 | D:8      | Noticed a two-headed ogre
  9037 | D:8      | Killed a two-headed ogre
  9206 | D:8      | Found a glowing silver altar of Zin.
  9418 | D:9      | Noticed a two-headed ogre
  9428 | D:9      | Killed a two-headed ogre
  9428 | D:9      | Reached XP level 11. HP: 84/95 MP: 19/19
  9925 | D:9      | Identified a +0 pair of boots of running (You found it on level 9 of the Dungeon)
 10155 | D:9      | Reached *** piety under Cheibriados
 10336 | D:10     | Entered Level 10 of the Dungeon
 10379 | D:10     | Reached skill level 5 in Conjurations
 10379 | D:10     | Reached skill level 5 in Hexes
 10379 | D:10     | Reached skill level 5 in Charms
 10379 | D:10     | Reached skill level 5 in Summonings
 10379 | D:10     | Reached skill level 5 in Necromancy
 10379 | D:10     | Reached skill level 5 in Translocations
 10379 | D:10     | Reached skill level 5 in Transmutations
 10379 | D:10     | Reached skill level 5 in Fire Magic
 10379 | D:10     | Reached skill level 5 in Ice Magic
 10379 | D:10     | Reached skill level 5 in Air Magic
 10379 | D:10     | Reached skill level 5 in Earth Magic
 10379 | D:10     | Reached skill level 5 in Poison Magic
 10483 | D:10     | Found a staircase to the Orcish Mines.
 10549 | D:10     | HP: 4/95 [troll (9)]
 10549 | D:10     | Mangled by a troll

Skill      XL: |  1  2  3  4  5  6  7  8  9 10 11 |
---------------+----------------------------------+-----
Fighting       | 11 | 11.8
Invocations    | 1 2 3 4 5 6 |  6.7
Short Blades   | 1 2 3 4 5 6 |  6.1
Long Blades    | 1 2 3 4 5 6 |  6.1
Axes           | 1 2 3 4 5 6 |  6.1
Maces & Flails | 1 2 3 4 5 6 |  6.1
Polearms       | 1 2 3 4 5 6 |  6.1
Staves         | 1 2 3 4 5 6 |  6.1
Slings         | 1 2 3 4 5 6 |  6.1
Bows           | 1 2 3 4 5 6 |  6.1
Crossbows      | 3 4 5 6 |  6.7
Throwing       | 1 2 3 4 5 6 |  6.1
Dodging        | 1 2 3 4 5 6 |  6.1
Shields        | 1 2 3 4 5 6 |  6.1
Unarmed Combat | 1 2 3 4 5 6 |  6.1
Spellcasting   | 1 2 3 4 5 6 |  6.1
Conjurations   | 1 2 3 4 5 |  5.1
Hexes          | 1 2 3 4 5 |  5.1
Charms         | 1 2 3 4 5 |  5.1
Summonings     | 1 2 3 4 5 |  5.1
Necromancy     | 1 2 3 4 5 |  5.1
Translocations | 1 2 3 4 5 |  5.1
Transmutations | 1 2 3 4 5 |  5.1
Fire Magic     | 1 2 3 4 5 |  5.1
Ice Magic      | 1 2 3 4 5 |  5.1
Air Magic      | 1 2 3 4 5 |  5.1
Earth Magic    | 1 2 3 4 5 |  5.1
Poison Magic   | 1 2 3 4 5 |  5.1
Evocations     | 1 2 3 4 5 6 |  6.1
Armour         | 5 6 7 |  7.7
Stealth        | 5 6 7 |  7.5

Action                   |  1- 3 |  4- 6 |  7- 9 | 10-12 || total
-------------------------+-------+-------+-------+-------++-------
Melee: Trident           |       |       |   154 |   281 ||   435
       Bite              |       |       |    21 |    44 ||    65
       Flail             |       |       |    21 |       ||    21
       Punch             |       |       |     5 |    16 ||    21
 Fire: Hand crossbow     |    57 |    92 |   190 |       ||   339
 Cast: Confuse           |       |       |     9 |       ||     9
  Use: Potion            |       |       |     2 |     1 ||     3
 Stab: Sleeping          |       |       |     9 |     8 ||    17
       Distracted        |       |       |     1 |     1 ||     2
  Eat: Chunk             |     1 |     4 |    11 |     3 ||    19
       Ration            |       |       |     2 |       ||     2
Armor: Robe              |     2 |     2 |    30 |    35 ||    69
Dodge: Dodged            |    12 |    13 |   127 |   232 ||   384
